 Dungeon Crawl Stone Soup version 0.28-a0-1429-gf3d713df7a (webtiles) character file.

Game seed: 13207462943791793976

61463 Gwenloh the Unseen (level 14, -11/78 HPs)
             Began as a Vampire Enchanter on Jan 6, 2022.
             Was a Follower of Uskayaw.
             Mangled by a two-headed ogre (12 damage)
             ... on level 1 of the Orcish Mines on Jan 8, 2022.
             The game lasted 02:12:30 (27412 turns).

Gwenloh the Unseen (Vampire Enchanter)             Turns: 27412, Time: 02:12:31

Health: -11/78     AC: 14    Str:  7    XL:     14   Next: 60%
Magic:  35/36      EV: 21    Int: 25    God:    Uskayaw [*.....]
Gold:   769        SH:  0    Dex: 23    Spells: 5/29 levels left

rFire   . . .      SeeInvis +   a - +4 dagger (venom)
rCold   + + +      Faith    .   (no shield)
rNeg    + + +      Spirit   .   T - +2 robe {rC+}
rPois   ∞          Reflect  .   t - +3 hat of Pondering {ponderous, Will+ MP+10 Int+5}
rElec   .          Harm     .   S - +1 cloak
rCorr   .          Rampage  .   y - +2 pair of gloves {infuse}
Will    ++...                   m - +1 pair of boots
Stlth   +++++++++.              w - amulet of regeneration
HPRegen 0.00/turn               n - ring of wizardry
MPRegen 0.25/turn               s - +6 ring of dexterity

@: confusing by touch, bloodless, inhibited regen, slow
A: bloodless, fangs 3, see invisible, vampiric 2
a: Bat Form, Revivify, Renounce Religion, Stomp


You were on level 1 of the Orcish Mines.
You worshipped Uskayaw.
Uskayaw was aware of your devotion.
You visited 4 branches of the dungeon, and saw 20 of its levels.

You collected 1141 gold pieces.
You spent 372 gold pieces at shops.

Inventory:

Hand Weapons
 a - a +4 dagger of venom (weapon)
 B - the +5 sword of Power {vorpal}
   (You found it on level 5 of the Lair of Beasts)

   It inflicts extra damage upon your enemies.
   It occasionally discharges a powerful but inaccurate bolt of energy upon
   striking a foe, with increased chance the greater the wielder's current
   health.
 D - a +3 scimitar
Missiles
 i - 52 poisoned darts (quivered)
 F - 2 silver boomerangs
 H - 5 javelins
 M - 6 silver javelins
 R - 2 throwing nets
Armour
 m - a +1 pair of boots (worn)
 t - the +3 hat of Pondering (worn) {ponderous, Will+ MP+10 Int+5}
   (You found it on level 6 of the Lair of Beasts)

   Int:       It affects your intelligence (+5).
   MP:        It affects your magic capacity (+10).
   Will:      It increases your willpower.
 v - a +2 robe of willpower
 y - a +2 pair of gloves of infusion (worn)
 E - a +2 kite shield
 S - a +1 cloak (worn)
 T - a +2 robe of cold resistance (worn)
Jewellery
 g - a ring of poison resistance
 n - a ring of wizardry (left hand)
 s - a +6 ring of dexterity (right hand)
 w - an amulet of regeneration (around neck)
 A - a ring of resist corrosion
 V - a ring of flight
Wands
 u - a wand of charming (6)
 z - a wand of iceblast (10)
 J - a wand of mindburst (1)
 U - a wand of polymorph (5)
 X - a wand of acid (4)
Scrolls
 e - 5 scrolls of teleportation
 f - 2 scrolls of summoning
 h - 3 scrolls of enchant armour
 l - 2 scrolls of magic mapping
 o - a scroll of brand weapon
 p - 2 scrolls of amnesia
 x - 6 scrolls of enchant weapon
 N - 2 scrolls of fog
 O - 4 scrolls of immolation
 Q - a scroll of vulnerability
 W - 2 scrolls of torment
 Y - a scroll of silence
Potions
 b - 3 potions of mutation
 c - 2 potions of ambrosia {unknown}
 d - 9 potions of curing
 k - 3 potions of flight {unknown}
 q - 2 potions of might {unknown}
 r - 5 potions of heal wounds {unknown}
 G - a potion of degeneration {unknown}
 I - a potion of haste
 K - a potion of brilliance {unknown}
 L - 3 potions of cancellation {unknown}
 Z - 2 potions of attraction {unknown}
Miscellaneous
 j - a condenser vane


   Skills:
 * Level 5.4 Fighting
 + Level 11.1 Short Blades
 - Level 10.8 Dodging
 + Level 17.2 Stealth
 - Level 8.0 Spellcasting
 + Level 16.5 Hexes
 + Level 2.7 Transmutations
 * Level 10.9 Invocations


You had 5 spell levels left.
You knew the following spells:

 Your Spells              Type           Power      Damage    Failure   Level
a - Ensorcelled Hibernat  Hex/Ice        100%       N/A       1%          2
b - Confusing Touch       Hex            75%        N/A       0%          3
c - Tukima's Dance        Hex            75%        N/A       0%          3
d - Dazzling Flash        Conj/Hex       100%       N/A       1%          3
e - Slow                  Hex            100%       N/A       0%          1
f - Yara's Violent Unrav  Hex/Tmut       27%        3d12      1%          5
g - Enfeeble              Hex            37%        N/A       2%          7

Your spell library contained the following spells:

 Spells                   Type           Power      Damage    Failure   Level
 Portal Projectile        Hex/Tloc       100%       N/A       1%          3
 Summon Guardian Golem    Hex/Summ       51%        N/A       1%          3
 Fulminant Prism          Conj/Hex       25%        3d14      1%          4
 Leda's Liquefaction      Hex/Erth       25%        N/A       1%          4
 Sandblast                Erth           20%        2d7       2%          1
 Passwall                 Tmut/Erth      13%        N/A       2%          2
 Corpse Rot               Necr/Air       20%        N/A       3%          2
 Poisonous Vapours        Pois/Air       20%        N/A       3%          2
 Call Canine Familiar     Summ           10%        N/A       8%          3
 Frozen Ramparts          Ice            20%        1d4       8%          3
 Stone Arrow              Conj/Erth      20%        3d8       8%          3
 Vampiric Draining        Necr           10%        2d6       8%          3
 Ice Form                 Ice/Tmut       16%        N/A       14%         4
 Blade Hands              Tmut           11%        N/A       21%         5
 Summon Ice Beast         Ice/Summ       10%        N/A       24%         4
 Excruciating Wounds      Necr           5%         N/A       52%         5
 Orb of Destruction       Conj           5%         9d2       100%        7
 Spellforged Servitor     Conj/Summ      5%         N/A       100%        7


Dungeon Overview and Level Annotations

Branches:
Dungeon (11/15)            Temple (1/1) D:5            Lair (6/6) D:10
  Swamp (0/4) Lair:4       Spider (0/4) Lair:3        Slime (0/5) Lair:5
    Orc (2/2) D:11
    Elf: Orc:2

Altars:
Ashenzari
Cheibriados
Dithmenos
Elyvilon
Fedhas
Gozag
Hepliaklqana
Kikubaaqudgha
Makhleb
Nemelex Xobeh
Okawaru
Qazlal
Ru
Sif Muna
Trog
Uskayaw
Vehumet
Wu Jian
Xom
Yredelemnul
Zin
The Shining One
Jiyva

Shops:
D:8 (!   Orc:1 =

Annotations:
D:11 exclusion: 2 obsidian statues


Innate Abilities, Weirdness & Mutations

You do not regenerate when monsters are visible.
You are frail without blood (-20% HP).
You can heal yourself when you bite living creatures.
You are immune to poison.
You have razor-sharp teeth.
You have supernaturally acute eyesight. (SInv)
You are afflicted with vampirism and can become a bat while bloodless.


Message History

The ogre hits you with a +0 giant club!
You see here a +0 giant spiked club.
There is a stone staircase leading up, spattered with blood here.
Things that are here:
a +0 plate armour; a +0 war axe You climb upwards.
There is a stone staircase leading down, spattered with blood here.
You start resting.
HP restored.
You start resting.
Magic restored.
Welcome back, Gwenloh the Vampire Enchanter.
Uskayaw says: Surrender yourself to the rhythm!
Press ? for a list of commands and other information.
Cast which spell? (? or * to list)
Your hands begin to glow red.
You climb downwards.
The two-headed ogre hits you with a +0 giant spiked club!!
The two-headed ogre hits you with a +0 giant club!
The two-headed ogre barely misses you. The two-headed ogre misses you.
The ogre completely misses you.
The two-headed ogre hits you with a +0 giant spiked club!
* * * LOW HITPOINT WARNING * * *
The two-headed ogre barely misses you.
There is a stone staircase leading up, spattered with blood here.
Things that are here:
a +0 plate armour; a +0 war axe The ogre mage closely misses you.
The two-headed ogre hits you with a +0 giant spiked club.
* * * LOW HITPOINT WARNING * * *
The two-headed ogre hits you with a +0 giant spiked club!
* * * LOW HITPOINT WARNING * * *
The ogre hits you with a +0 giant club!
* * * LOW HITPOINT WARNING * * *
You climb upwards.
There is a stone staircase leading down, spattered with blood here.
The ogre mage casts a spell at you. You resist with almost no effort.
The two-headed ogre hits you with a +0 giant spiked club!
You die...

############ ###
##...#.#.#..##### ###..
##........OO@.#..## ##....
#........>OO......# #.....
##..#....)....#).### ##....
#..........##..##.### ##.#..
##.#......##........###.....
#.........###...#...)†......
#####.......).##....##.#####...
##.##...............#####
####.. #..................##
##.####


You could see 2 two-headed ogres, an ogre mage and an ogre.

Vanquished Creatures
  An ettin (Orc:1)
  Josephine (Lair:5)
  5 hydras
  2 ogre magi (Orc:2)
  2 catoblepae (Lair:6)
  12 two-headed ogres
  A tengu warrior (D:9)
  Urug (Lair:5)
  5 death yaks
  An orb spider (Lair:3)
  A deep elf archer (D:9)
  A lindwurm (Lair:6)
  A deep elf pyromancer (D:9)
  4 manticores
  2 ugly things (D:11)
  An orc sorcerer (Orc:2)
  A cyclops (D:11)
  5 black mambas
  A wolf spider (Lair:6)
  10 elephants
  A gargoyle (D:6)
  10 cane toads
  2 torpor snails
  4 rime drakes
  Psyche (D:10)
  10 komodo dragons
  A hornet (D:8)
  3 trolls
  2 polar bears
  19 blink frogs
  3 dream sheep (Lair:6)
  A meliai zombie (D:11)
  5 wyverns
  39 yaks
  5 wraiths
  A shadow (D:10)
  Grum (D:10)
  6 basilisks
  A steam dragon (D:9)
  4 vampire mosquitoes (D:11)
  A warg (Orc:1)
  3 acid dragons
  Duvessa (D:4)
  21 water moccasins
  11 orc warriors
  5 black bears
  An ice beast (D:5)
  A necrophage (D:5)
  A centaur (D:9)
  21 ogres
  13 wolves
  A phantom (D:4)
  Blork the orc (D:6)
  A gnoll sergeant (D:8)
  3 scorpions (D:4)
  A wyvern zombie (D:8)
  9 bullfrogs
  Dowan (D:4)
  10 killer bees
  11 wights
  An oklob sapling (D:5)
  2 howler monkeys
  2 electric eels
  3 jellies
  2 centaur zombies
  3 hounds
  A centaur skeleton (D:2)
  A gnoll shaman (D:5)
  10 orc priests
  Crazy Yiuf (D:5)
  14 orc wizards
  4 iguanas
  A hound skeleton (D:4)
  A howler monkey zombie (D:9)
  A howler monkey skeleton (D:5)
  8 adders
  7 gnolls
  A shadow imp (D:6)
  2 white imps
  An ufetubus (D:6)
  A worm (D:4)
  2 dart slugs (D:2)
  43 orcs
  A bat (D:1)
  4 endoplasms
  2 giant cockroaches
  12 goblins
  5 hobgoblins
  6 kobolds
  3 quokkas
  8 ball pythons
  3 rats
450 creatures vanquished.

Vanquished Creatures (collateral kills)
  A hydra (Lair:6)
  An orc warrior (D:8)
  A scorpion (D:4)
  2 wights
  An orc priest (D:11)
  An orc wizard (D:9)
  2 orcs
  2 goblins (D:8)
11 creatures vanquished.

Vanquished Creatures (others)
  3 dancing weapons
  6 bushes (Lair:3)
  A butterfly (D:6)
  42 fungi
  45 plants
  5 toadstools (D:1)
102 creatures vanquished.

Grand Total: 563 creatures vanquished

Notes
Turn   | Place    | Note
-------+----------+-------------------------------------------
     0 | D:1      | Gwenloh the Vampire Enchanter began the quest for the Orb.
     0 | D:1      | Reached XP level 1. HP: 13/13 MP: 3/3
   278 | D:1      | Reached XP level 2. HP: 19/19 MP: 5/5
   281 | D:1      | Learned a level 2 spell: Ensorcelled Hibernation
   822 | D:2      | Reached skill level 5 in Hexes
   885 | D:2      | Reached skill level 5 in Stealth
   898 | D:2      | Gained mutation: You are afflicted with vampirism and can
                  | become a bat while bloodless. [Vampire growth]
   898 | D:2      | Reached XP level 3. HP: 16/24 MP: 3/6
   955 | D:2      | Learned a level 3 spell: Confusing Touch
  1076 | D:2      | Found a shimmering altar of Xom.
  1226 | D:2      | Reached XP level 4. HP: 27/30 MP: 4/7
  1802 | D:3      | Reached skill level 6 in Stealth
  1802 | D:3      | Reached XP level 5. HP: 32/35 MP: 2/8
  1806 | D:3      | Learned a level 3 spell: Tukima's Dance
  2601 | D:4      | Noticed a phantom
  2628 | D:4      | Killed a phantom
  2629 | D:4      | Reached XP level 6. HP: 25/41 MP: 7/10
  2713 | D:4      | Reached skill level 7 in Stealth
  3122 | D:4      | Reached XP level 7. HP: 46/46 MP: 11/11
  3313 | D:4      | Noticed Duvessa
  3362 | D:4      | Noticed Dowan
  3546 | D:4      | Killed Dowan
  3553 | D:4      | HP: 2/46 [poisoned by Dowan]
  3913 | D:4      | Reached skill level 8 in Stealth
  3993 | D:4      | Killed Duvessa
  4135 | D:5      | Entered Level 5 of the Dungeon
  4324 | D:5      | Found a staircase to the Ecumenical Temple.
  4532 | D:4      | Reached skill level 9 in Stealth
  4532 | D:4      | Reached XP level 8. HP: 52/52 MP: 2/13
  4828 | D:5      | Learned a level 3 spell: Dazzling Flash
  5015 | D:5      | Found a runed translucent door.
  5016 | D:5      | Noticed Crazy Yiuf
  5584 | D:5      | Killed Crazy Yiuf
  5730 | D:5      | Reached skill level 10 in Stealth
  5731 | Temple   | Entered the Ecumenical Temple
  6052 | Temple   | Became a worshipper of Uskayaw the Reveller
  6183 | D:6      | Reached * piety under Uskayaw
  6358 | D:6      | Reached skill level 5 in Dodging
  6359 | D:6      | Reached ** piety under Uskayaw
  6388 | D:6      | Noticed Blork the orc
  6391 | D:6      | Killed Blork the orc
  6585 | D:6      | Reached skill level 10 in Hexes
  6645 | D:6      | Reached XP level 9. HP: 57/57 MP: 12/15
  6804 | D:6      | Noticed a gargoyle
  6813 | D:6      | Killed a gargoyle
  6814 | D:6      | Reached skill level 5 in Short Blades
  6814 | D:6      | Reached skill level 11 in Stealth
  8815 | D:8      | Found Atapiut Suro's Weapon Shoppe.
  8896 | D:8      | Reached skill level 5 in Spellcasting
  8896 | D:8      | Reached *** piety under Uskayaw
  9178 | D:8      | Found Waetitol's Distillery.
  9184 | D:8      | Bought a potion of curing for 36 gold pieces
  9393 | D:8      | Reached skill level 12 in Stealth
  9598 | D:8      | Reached skill level 1 in Invocations
  9673 | D:9      | Noticed a two-headed ogre
  9688 | D:9      | Killed a two-headed ogre
  9689 | D:9      | Reached XP level 10. HP: 63/63 MP: 5/18
  9783 | D:9      | Noticed a deep elf archer
  9787 | D:9      | Killed a deep elf archer
  9802 | D:9      | Noticed a deep elf pyromancer
  9806 | D:9      | Killed a deep elf pyromancer
 10588 | D:9      | Noticed a tengu warrior
 10599 | D:9      | Killed a tengu warrior
 11313 | D:9      | Reached skill level 13 in Stealth
 11359 | D:10     | Entered Level 10 of the Dungeon
 11433 | D:10     | Noticed a two-headed ogre
 11435 | D:10     | Killed a two-headed ogre
 11436 | D:10     | Reached XP level 11. HP: 68/68 MP: 20/20
 11450 | D:10     | Noticed Psyche
 12112 | D:10     | Noticed Grum
 12119 | D:10     | Killed Grum
 12158 | D:10     | Killed Psyche
 12365 | D:10     | Identified the +2 mace "Zosesoru" {vorpal, Dex+3}
 12471 | D:10     | Found a staircase to the Lair.
 12735 | Lair:1   | Entered Level 1 of the Lair of Beasts
 12942 | Lair:1   | Reached skill level 5 in Invocations
 13072 | Lair:1   | Reached **** piety under Uskayaw
 13209 | Lair:1   | Noticed a six-headed hydra
 13210 | Lair:1   | Noticed a five-headed hydra
 13215 | Lair:1   | Killed a six-headed hydra
 13705 | Lair:1   | Killed a five-headed hydra
 14235 | Lair:2   | You fall into a shaft and drop 1 floor!
 14313 | Lair:2   | Reached skill level 14 in Stealth
 14957 | Lair:2   | Upgraded the game from 0.28-a0-1412-gf95308ed99 to
                  | 0.28-a0-1415-g7c84da036a
 15409 | Lair:3   | Learned a level 1 spell: Slow
 15431 | Lair:3   | Reached XP level 12. HP: 59/59 MP: 22/22
 15680 | Lair:3   | Found a hole to the Spider Nest.
 17301 | Lair:4   | Found a staircase to the Swamp.
 17511 | Lair:4   | Reached skill level 15 in Stealth
 17916 | Lair:4   | Upgraded the game from 0.28-a0-1415-g7c84da036a to
                  | 0.28-a0-1429-gf3d713df7a
 18017 | Lair:5   | Noticed Urug
 18024 | Lair:5   | Killed Urug
 18154 | Lair:5   | Found a stormy altar of Qazlal.
 18497 | Lair:5   | Found the +5 sword of Power {vorpal}
 18855 | Lair:5   | Reached XP level 13. HP: 63/63 MP: 18/25
 18903 | Lair:5   | Found a viscous altar of Jiyva.
 18983 | Lair:5   | Found a staircase to the Slime Pits.
 19003 | Lair:5   | Noticed Josephine
 19161 | Lair:5   | Reached skill level 15 in Hexes
 19286 | Lair:5   | Reached skill level 1 in Fighting
 19639 | Lair:5   | Killed Josephine
 19822 | Lair:6   | Entered Level 6 of the Lair of Beasts
 20354 | Lair:5   | Reached skill level 10 in Dodging
 20579 | Lair:6   | Reached skill level 10 in Short Blades
 21048 | Lair:6   | Reached skill level 16 in Stealth
 22788 | Lair:6   | Reached skill level 10 in Invocations
 23047 | Lair:6   | Found the +3 hat of Pondering {ponderous, Will+ MP+10
                  | Int+5}
 23107 | Lair:6   | Reached XP level 14. HP: 59/74 MP: 18/26
 23398 | Lair:6   | Got Awiwkegi's Collected Works on Lethal Transmutation
 23677 | D:8      | Bought a potion of haste for 120 gold pieces
 23677 | D:8      | Bought a potion of haste for 120 gold pieces
 23677 | D:8      | Bought a potion of mutation for 96 gold pieces
 24078 | D:11     | Identified a scroll of acquirement
 24320 | D:11     | Acquired a book of Misfortune
 24328 | D:11     | Learned a level 5 spell: Yara's Violent Unravelling
 24336 | D:11     | Learned a level 7 spell: Enfeeble
 24350 | D:11     | Found a staircase to the Orcish Mines.
 25687 | Orc:1    | Entered Level 1 of the Orcish Mines
 25709 | Orc:1    | Found Doer's Jewellery Boutique.
 25886 | Orc:1    | Reached skill level 1 in Transmutations
 26363 | Orc:2    | Entered Level 2 of the Orcish Mines
 26837 | Orc:2    | Reached skill level 17 in Stealth
 27071 | Orc:2    | Reached skill level 5 in Fighting
 27408 | Orc:2    | HP: 1/78 [ogre (11)]
 27412 | Orc:1    | Mangled by a two-headed ogre

Illustrated notes

Levels and vault maps discovered:
D:1:      ldierk_walled_garden, layout_basic
D:2:      layout_rooms, basic_altar, chequers_serial_rivers_micro_b
D:3:      layout_basic
D:4:      layout_loops_ring, minivault_27, kennysheep_generic_room_12,
          uniq_duvessa
D:5:      layout_cave_pools, minmay_temple_entry_oklob, uniq_crazy_yiuf_cottage
D:6:      layout_basic, nicolae_elyvilon_peaceful_grove, uniq_blork_the_orc
D:7:      layout_basic
D:8:      layout_loops_cross, serial_shops, nicolae_shop_waterfront, shop,
          enter_bailey_5
D:9:      layout_long_grid, minivault_16, ebering_dispersal_statue_hall,
          minmay_three_doors
D:10:     layout_basic, lair_entry_dummy, serial_rivers,
          chequers_serial_rivers_large_a, chequers_serial_rivers_micro_a,
          chequers_serial_rivers_small_b, chequers_serial_rivers_micro_a,
          chequers_serial_rivers_micro_a, chequers_serial_rivers_micro_d,
          uniq_grum, uniq_psyche
D:11:     layout_roguey, david_orc_4, david_greed
Temple:   compressed_dpeg_triangle_lava_temple
Lair:1:   layout_cave_pods, grunt_megastairs_3
Lair:2:   layout_big_grid, lemuel_fruit_tree, infiniplex_staircase_pool
Lair:3:   layout_cave_pods, nicolae_spider_entry_orb_guardian,
          grunt_megastairs_1
Lair:4:   layout_regular_city, swamp_mist_pool, grunt_megastairs_5
Lair:5:   beast_lair_carwin_large_3, layout_regular_city, slime_altar_1,
          basic_altar, uniq_urug, uniq_josephine
Lair:6:   hangedman_lair_in_review, layout_cave_pods, minivault_25
Orc:1:    lemuel_ogre_cave, layout_caves, serial_shops, shop_statue, uniq_harold
Orc:2:    st_orc_ogre_mass, layout_diamond_mine, serial_shops, shop,
          guppyfry_library_mini

Skill      XL: |  1  2  3  4  5  6  7  8  9 10 11 12 13 14 |
---------------+-------------------------------------------+-----
Hexes          | 5 6 7 8 10 12 13 14 15 16 | 16.5
Stealth        | 5 6 7 9 10 12 13 14 15 16 17 | 17.2
Short Blades   | 2 3 4 6 7 8 9 10 11 | 11.1
Dodging        | 3 4 5 6 7 8 9 10 | 10.8
Spellcasting   | 3 4 5 6 7 8 |  8.0
Invocations    | 1 4 6 8 10 | 10.9
Fighting       | 3 5 |  5.4
Transmutations | 2 |  2.7

Action                   |  1- 3 |  4- 6 |  7- 9 | 10-12 | 13-15 || total
-------------------------+-------+-------+-------+-------+-------++-------
Melee: Dagger            |    72 |   127 |   275 |   299 |   522 ||  1295
       Bite              |     7 |    16 |    56 |    31 |    73 ||   183
       Punch             |       |     2 |     3 |     3 |     6 ||    14
       Short sword       |       |       |    30 |       |       ||    30
Throw: Dart              |       |       |     3 |    12 |    28 ||    43
 Cast: Ensorcelled Hiber |     6 |    17 |    30 |   106 |   138 ||   297
       Confusing Touch   |     1 |    15 |    37 |    35 |    49 ||   137
       Tukima's Dance    |       |     1 |    15 |     7 |    10 ||    33
       Dazzling Flash    |       |       |     3 |     3 |     2 ||     8
       Slow              |       |       |       |     4 |     3 ||     7
       Yara's Violent Un |       |       |       |       |     6 ||     6
       Enfeeble          |       |       |       |       |     1 ||     1
Invok: Stomp             |       |       |     1 |     1 |       ||     2
 Abil: Exsanguinate      |       |       |       |     2 |     1 ||     3
       Revivify          |       |       |       |     1 |     1 ||     2
Evoke: Wand              |       |       |       |     4 |    13 ||    17
  Use: Scroll            |       |       |     9 |    14 |     9 ||    32
       Potion            |       |       |     3 |       |     3 ||     6
 Stab: Sleeping          |    14 |    10 |    26 |    91 |    80 ||   221
       Confused          |     1 |    11 |    28 |    25 |    37 ||   102
       Invisible         |       |       |     2 |       |     4 ||     6
       Paralysed         |       |       |       |    10 |    11 ||    21
       Distracted        |       |       |       |     4 |     6 ||    10
Armor: Robe              |    11 |    14 |    41 |    49 |    52 ||   167
Dodge: Dodged            |    41 |    74 |   141 |   246 |   307 ||   809

Table legend: (Time is in decaauts)
 A = Elapsed time spent in this place.
 B = Non-inter-level travel time spent in this place.
 C = Inter-level travel time spent in this place.
 D = Time resting spent in this place.
 E = Time spent auto-exploring this place.
 F = Levels seen in this place.
 G = Mean time per level.
                   A        B        C        D        E       F      G
               +--------+--------+--------+--------+--------+-----+--------+
         Total |  27257 |  25679 |   1578 |   5291 |  11428 |  20 | 1362.8 |
       Dungeon |  14400 |  13441 |    959 |   2030 |   7820 |  11 | 1309.1 |
        Temple |    404 |    392 |     12 |     44 |    323 |   1 |  404.0 |
          Lair |  10734 |  10170 |    564 |   2558 |   3047 |   6 | 1789.0 |
  Orcish Mines |   1718 |   1676 |     42 |    658 |    237 |   2 |  859.0 |
               +--------+--------+--------+--------+--------+-----+--------+

Top non-repeatable levels by time:
  Lair:6: 3123 daAuts
  Lair:5: 1896 daAuts
    D:11: 1874 daAuts
     D:4: 1817 daAuts
     D:9: 1748 daAuts
  Lair:4: 1603 daAuts
  Lair:3: 1499 daAuts
  Lair:1: 1440 daAuts
    D:10: 1337 daAuts
   Orc:1: 1307 daAuts
     D:7: 1301 daAuts
     D:8: 1223 daAuts
     D:6: 1185 daAuts
     D:3: 1174 daAuts
  Lair:2: 1171 daAuts
